 Dungeon Crawl Stone Soup version 0.30-a0-1050-g2766ea1e55 (webtiles) character file.

Game seed: 9644413700286298683

67 MacCMillion the Shooter (level 3, -1/29 HPs)
             Began as a Demigod Hunter on Apr 11, 2023.
             Slain by an orc wizard
             ... wielding a +0 dagger
              (2 damage)
             ... on level 2 of the Dungeon.
             The game lasted 00:01:54 (1027 turns).

MacCMillion the Shooter (Demigod Hunter)            Turns: 1027, Time: 00:01:55

Health: -1/29      AC:  3    Str: 12    XL:     3   Next: 72%
Magic:  5/5        EV: 12    Int: 11    God:
Gold:   51         SH:  0    Dex: 21    Spells: 2/2 levels left

rFire   . . .      SeeInvis .    a - +0 shortbow
rCold   . . .      Faith    .    (shield currently unavailable)
rNeg    . . .      Spirit   .    c - +0 leather armour
rPois   .          Reflect  .    (no helmet)
rElec   .          Rampage  .    (no cloak)
rCorr   .                        (no gloves)
Will    .....                    (no boots)
Stlth   +                        (no amulet)
HPRegen 0.24/turn                (no ring)
MPRegen 0.09/turn                (no ring)

@: confused
A: high MP 1, forlorn, divine attributes
a: no special abilities


You were on level 2 of the Dungeon.
You visited 1 branch of the dungeon, and saw 2 of its levels.

You collected 51 gold pieces.

Inventory:

Hand Weapons
 a - a +0 shortbow (weapon)
Armour
 c - a +0 leather armour (worn)
Wands
 l - a wand of flame (16)
Scrolls
 b - a scroll of immolation
 e - a scroll of fear {unknown}
 f - a scroll of amnesia {unknown}
Potions
 d - a potion of brilliance {unknown}
 g - a potion of attraction {unknown}
 h - a potion of haste {unknown}
 i - a potion of mutation {unknown}
 j - a potion of cancellation {unknown}
 k - a potion of flight {unknown}


   Skills:
 - Level 1.7 Fighting
 + Level 4.8 Ranged Weapons
 - Level 1.7 Dodging
 - Level 2.0 Stealth


You had 2 spell levels left.
You didn't know any spells.
Your spell library was empty.

Dungeon Overview and Level Annotations

Branches:
Dungeon (2/15)

Shops:
D:1 :(**?


Innate Abilities, Weirdness & Mutations

You have an increased reservoir of magic. (+10% MP)
You shall have no god before yourself.
Your divine heritage dramatically boosts your attributes as you level up.


Message History

Fire: a) +0 shortbow
Press: ? - help, Q - select action, (/) - cycle Shift-Dir - straight line You shoot an arrow.
Something hits you.
* * * LOW HITPOINT WARNING * * *
Fire: a) +0 shortbow
Press: ? - help, Q - select action, (/) - cycle Shift-Dir - straight line, f - you Really target yourself?
Okay, then.
Unknown command.
Fire: a) +0 shortbow
Press: ? - help, Q - select action, (/) - cycle Shift-Dir - straight line You shoot an arrow.
Something hits you.
* * * LOW HITPOINT WARNING * * *
Fire: a) +0 shortbow
Press: ? - help, Q - select action, (/) - cycle Shift-Dir - straight line, f - you Really target yourself?
Okay, then.
Fire: a) +0 shortbow
Press: ? - help, Q - select action, (/) - cycle Shift-Dir - straight line You shoot an arrow.
You hear some strange, mumbled words.
You are confused.
Something hits you but does no damage.
Non-targeted confused fire: a) +0 shortbow
Press: ? - help, Q - select action, (/) - cycle Dir - look around, f - activate You shoot an arrow.
Something hits you but does no damage.
Non-targeted confused fire: a) +0 shortbow
Press: ? - help, Q - select action, (/) - cycle Dir - look around, f - activate You shoot an arrow.
Something hits you.
* * * LOW HITPOINT WARNING * * *
Unknown command.
Unknown command.
You bump into the rock wall.
Something hits you.
* * * LOW HITPOINT WARNING * * *
You bump into the rock wall.
Something hits you.
You die...

.#
............#
.#
....†.......#
..
............#
##
#######'#####
# ####.#
#.#######....#
#.........####
###.........#
......){@...#
........###.#
......#.# #.#
..†...#.. ..#
..).. ### ###
..).. ....
....


There were no monsters in sight!

Vanquished Creatures
  2 adders (D:2)
  3 dart slugs
  4 orcs (D:2)
  2 ball pythons
  A bat (D:1)
  2 endoplasms
  2 goblins (D:1)
  A hobgoblin (D:1)
  5 jackals (D:2)
  4 kobolds
  A quokka (D:1)
  2 frilled lizards (D:1)
  10 rats
39 creatures vanquished.

Notes
Turn   | Place    | Note
-------+----------+-------------------------------------------
     0 | D:1      | MacCMillion the Demigod Hunter began the quest for the Orb.
     0 | D:1      | Reached XP level 1. HP: 17/17 MP: 3/3
    18 | D:1      | Reached skill level 1 in Stealth
    45 | D:1      | Found Rizox's General Store.
    60 | D:1      | Found Qummejap's Magic Scroll Shop.
   198 | D:1      | Reached XP level 2. HP: 24/24 MP: 4/4
   347 | D:1      | Found Wuveosu's Assorted Antiques.
   375 | D:1      | Reached skill level 4 in Ranged Weapons
   438 | D:1      | Found Uclogice's Antique Weapon Emporium.
   465 | D:1      | Found Jykuock's Book Shoppe.
   750 | D:2      | Reached XP level 3. HP: 29/29 MP: 5/5
  1026 | D:2      | HP: 1/29 [something (1)]
  1027 | D:2      | Slain by an orc wizard

Illustrated notes

Levels and vault maps discovered:
D:1:      dpeg_arrival_prison, layout_loops_ring, serial_shops, shop,
          shop_statue, shop_statue, shop_statue, shop_fountains,
          chequers_serial_rivers_room_a
D:2:      layout_basic, shapermc_ecumenical_altar_notcrosses,
          minmay_statues_item, st_stairs_7, guppyfry_early_orc_mine,
          uniq_sigmund

Skill      XL: |  1  2 |
---------------+-------+-----
Stealth        | 1 2 |  2.0
Ranged Weapons | 4 |  4.8
Fighting       | |  1.7
Dodging        | |  1.7

Action                     || total
---------------------------++-------
   Fire: Shortbow          ||   102
 Armour: Leather armour    ||    11
  Dodge: Dodged            ||    31

Table legend: (Time is in decaauts)
 A = Elapsed time spent in this place.
 B = Non-inter-level travel time spent in this place.
 C = Inter-level travel time spent in this place.
 D = Time resting spent in this place.
 E = Time spent auto-exploring this place.
 F = Levels seen in this place.
 G = Mean time per level.
                   A        B        C        D        E       F      G
               +--------+--------+--------+--------+--------+-----+--------+
         Total |   1061 |   1015 |     46 |      0 |    811 |   2 |  530.5 |
       Dungeon |   1061 |   1015 |     46 |      0 |    811 |   2 |  530.5 |
               +--------+--------+--------+--------+--------+-----+--------+

Top non-repeatable levels by time:
     D:1: 743 daAuts
     D:2: 317 daAuts
